 Dungeon Crawl Stone Soup version 0.29.1-15-g9cfb28693d (webtiles) character file.

Game seed: 15295686244814464859

935 Smoke131 the Trooper (level 8, -3/84 HPs)
             Began as an Ogre Gladiator on Mar 5, 2023.
             Slain by an ogre
             ... wielding a +0 giant club
              (34 damage)
             ... on level 5 of the Dungeon.
             The game lasted 00:12:38 (7276 turns).

Smoke131 the Trooper (Ogre Gladiator)               Turns: 7276, Time: 00:12:39

Health: -3/84      AC:  3    Str: 21    XL:     8   Next: 11%
Magic:  8/8        EV: 10    Int:  9    God:
Gold:   263        SH:  0    Dex: 10    Spells: 7/7 levels left

rFire   + . .      SeeInvis .   a - +0 trident
rCold   . . .      Faith    .   (no shield)
rNeg    . . .      Spirit   .   b - +0 robe
rPois   .          Reflect  .   c - +0 hat
rElec   .          Harm     .   (no cloak)
rCorr   .          Rampage  .   (gloves unavailable)
Will    .....                   (boots unavailable)
Stlth   +.........              (no amulet)
HPRegen 0.24/turn               w - ring of flight
MPRegen 0.11/turn               o - ring of protection from fire

@: flying
A: large, unfitting armour, tough skin 1
a: no special abilities


You were on level 5 of the Dungeon.
You visited 1 branch of the dungeon, and saw 5 of its levels.

You collected 263 gold pieces.

Inventory:

Hand Weapons
 a - a +0 trident (weapon)
Missiles
 d - 5 throwing nets (quivered)
 g - 33 stones
 y - a large rock
Armour
 b - a +0 robe (worn)
 c - a +0 hat (worn)
Jewellery
 o - a ring of protection from fire (right hand)
 w - a ring of flight (left hand)
 x - a ring of fire
Wands
 f - a wand of mindburst (3)
 p - a wand of paralysis (5)
Scrolls
 h - a scroll of noise {unknown}
 j - 2 scrolls of teleportation {unknown}
 k - 3 scrolls of vulnerability {unknown}
 l - a scroll of fear {unknown}
 m - 4 scrolls of identify {unknown}
 n - 2 scrolls of magic mapping {unknown}
 s - a scroll of butterflies {unknown}
 v - a scroll of acquirement {unknown}
Potions
 e - 3 potions of curing
 i - a potion of flight {unknown}
 q - a potion of heal wounds
 t - a potion of invisibility {unknown}
 u - a potion of haste {unknown}
 z - a potion of degeneration {unknown}


   Skills:
 + Level 6.3 Fighting
 + Level 5.3 Polearms
 + Level 4.7 Throwing
 + Level 3.5 Armour
 - Level 3.0 Dodging


You had 7 spell levels left.
You didn't know any spells.
Your spell library contained the following spells:

 Spells                   Type           Power      Damage    Failure   Level
 Apportation              Tloc           0%         N/A       38%         1
 Necrotise                Necr           0%         1d4       38%         1
 Summon Small Mammal      Summ           0%         N/A       38%         1
 Call Canine Familiar     Summ           0%         N/A       77%         3
 Summon Guardian Golem    Hex/Summ       0%         N/A       77%         3
 Vampiric Draining        Necr           0%         2d6       77%         3
 Agony                    Necr           0%         N/A       100%        5
 Alistair's Intoxication  Tmut/Pois      0%         N/A       100%        5


Dungeon Overview and Level Annotations

Branches:
Dungeon (5/15)
 Temple: D:4-7

Altars:
Yredelemnul
Zin
The Shining One

Shops:
D:1 *   D:3 [


Innate Abilities, Weirdness & Mutations

You are too large for most types of armour.
You have tough skin. (AC +1)


Message History

e - 3 potions of curing (gained 1)
You reach down and open the door.
An ogre comes into view. It is wielding a +0 giant club.
The ogre shouts!
Throw: large rock
Press: ? - help, Q - select action, (/) - cycle Shift-Dir - straight line, f - ogre
Aim: an ogre, wielding a +0 giant club (76% to hit)
Okay, then.
Throw: 3 darts (poison)
Press: ? - help, Q - select action, (/) - cycle Shift-Dir - straight line, f - ogre
Aim: an ogre, wielding a +0 giant club (76% to hit)
You throw a poisoned dart. The poisoned dart hits the ogre.
The ogre is poisoned.
Throw: 2 darts (poison)
Press: ? - help, Q - select action, (/) - cycle Shift-Dir - straight line, f/p - ogre
Aim: an ogre, wielding a +0 giant club (poisoned, 76% to hit)
You throw a poisoned dart. The poisoned dart hits the ogre.
The ogre looks even sicker.
Throw: dart (poison)
Press: ? - help, Q - select action, (/) - cycle Shift-Dir - straight line, f/p - ogre
Aim: an ogre, wielding a +0 giant club (very poisoned, 76% to hit)
You throw a poisoned dart. The poisoned dart hits the ogre!
The ogre looks as sick as possible!
Reach: a) +0 trident
Press: ? - help, Dir - move target, f/p - ogre
Aim: an ogre, wielding a +0 giant club (heavily wounded, very poisoned, about 25% to evade your +0 trident)
You reach to attack!
You hit the ogre.
The ogre is heavily wounded.
The ogre attacks as you move away!
The ogre hits you with a +0 giant club!!
The ogre attacks as you move away!
The ogre hits you with a +0 giant club!!
Reach: a) +0 trident
Press: ? - help, Dir - move target, f/p - ogre
Aim: an ogre, wielding a +0 giant club (almost dead, very poisoned, about 25% to evade your +0 trident)
You reach to attack!
You barely miss the ogre.
The ogre is almost dead.
The ogre attacks as you move away!
The ogre hits you with a +0 giant club!!
You die...

#...#.#...#....# #...
#...#.#.###....#####.##
#...#.#........##....##
##..)#.#................
#....'........#..#######
#....#..........>..#####
#....########.#.##......
#.###########.#.##......
#.##..O@......#.##......
#.##.##########.##......
#.##.#........#.##....#.
#.##.#.######.#.##†...#.
#.............#.##....#.
####.#.######.#.##....##
#.#........#+##....##
#.#...##.............
#.'...++.........####


You could see an ogre (very poisoned).

Vanquished Creatures
  An ice beast (D:5)
  2 ogres
  A necrophage (D:4)
  A howler monkey (D:5)
  2 jellies
  2 hounds (D:5)
  3 iguanas
  Ijyb (D:5)
  An orc wizard (D:4)
  14 gnolls
  8 adders
  A shadow imp (D:5)
  An ufetubus (D:5)
  3 worms
  3 dart slugs
  5 orcs
  6 ball pythons
  5 endoplasms
  2 giant cockroaches
  7 goblins
  7 hobgoblins
  3 kobolds
  4 quokkas
  5 bats
  5 frilled lizards
  6 rats
99 creatures vanquished.

Notes
Turn   | Place    | Note
-------+----------+-------------------------------------------
     0 | D:1      | Smoke131 the Ogre Gladiator began the quest for the Orb.
     0 | D:1      | Reached XP level 1. HP: 22/22 MP: 1/1
   140 | D:1      | Found Ruologeli's Assorted Antiques.
   297 | D:1      | Reached XP level 2. HP: 29/29 MP: 2/2
   335 | D:1      | Reached skill level 3 in Fighting
   648 | D:1      | Found a faded altar of an unknown god.
   818 | D:2      | Reached XP level 3. HP: 37/37 MP: 3/3
  1043 | D:1      | Reached skill level 1 in Armour
  1292 | D:2      | Reached XP level 4. HP: 36/45 MP: 4/4
  1954 | D:3      | Found Irpheeg's Antique Armour Emporium.
  2105 | D:3      | Reached XP level 5. HP: 7/54 MP: 5/5
  2442 | D:3      | You fall into a shaft and drop 2 floors!
  2442 | D:5      | Entered Level 5 of the Dungeon
  2466 | D:4      | Reached skill level 4 in Fighting
  3562 | D:4      | Reached XP level 6. HP: 56/63 MP: 6/6
  4457 | D:3      | Found a glowing silver altar of Zin.
  5063 | D:4      | Reached skill level 5 in Fighting
  5233 | D:4      | Reached XP level 7. HP: 48/72 MP: 7/7
  5686 | D:5      | Noticed Ijyb
  5694 | D:5      | Killed Ijyb
  5958 | D:5      | Found a basalt altar of Yredelemnul.
  6333 | D:5      | Reached skill level 5 in Polearms
  6598 | D:5      | Found a glowing golden altar of the Shining One.
  6630 | D:5      | Reached skill level 6 in Fighting
  6887 | D:5      | Reached XP level 8. HP: 21/83 MP: 8/8
  7276 | D:5      | Slain by an ogre

Illustrated notes

Levels and vault maps discovered:
D:1:      dpeg_arrival_three_smaller_balls, layout_rooms, serial_shops,
          nicolae_shop_overgrown_old_shop, ebering_ecumenical_altar_sacrificial,
          item_on_display_a
D:2:      layout_rooms
D:3:      layout_basic, mainiacjoe_overflow_chevrons, serial_shops,
          nicolae_shop_overgrown_old_shop
D:4:      layout_loops_ring, grunt_ministairs_10
D:5:      layout_basic, kennysheep_little_box, lemuel_round_altar, uniq_ijyb

Skill      XL: |  1  2  3  4  5  6  7 |
---------------+----------------------+-----
Fighting       | 3 4 5 6 |  6.3
Armour         | 1 2 3 |  3.5
Dodging        | 3 |  3.0
Throwing       | 3 4 |  4.7
Polearms       | 4 5 |  5.3

Action                   |  1- 3 |  4- 6 |  7- 9 || total
-------------------------+-------+-------+-------++-------
Melee: Trident           |    84 |   247 |    91 ||   422
       Punch             |     2 |       |       ||     2
Throw: Large rock        |     1 |     2 |     3 ||     6
       Stone             |       |    10 |       ||    10
       Dart              |       |     4 |     6 ||    10
Evoke: Wand              |       |     1 |     5 ||     6
  Use: Potion            |     2 |     1 |       ||     3
 Stab: Paralysed         |       |     1 |    10 ||    11
       Sleeping          |       |     1 |     1 ||     2
Armor: Robe              |    22 |    47 |     8 ||    77
Dodge: Dodged            |    47 |   104 |    36 ||   187
